AoeStats
← Blyad _Mann

Arena

508512091Analyzed
4v4 RM · 9d ago on Sep 22, 2026· 42m 42s· 8 players
Game mode
Random Map
Map size
Large (8 player)
Population
200
Speed
Normal
Resources
Standard
Victory
Conquest
Starting age
Dark Age
Ending age
Imperial Age
RankedLock teamsTeams togetherTeam positionsShared explorationLock speedFull tech treeHidden civsTurbo modeCheats
Victory
Defeat
🇻🇪 Bohemians · Venezuela
1087
+12
🇫🇷 Wei · France
1083
+12
🇪🇸 Byzantines · Spain
1063
+13
🇩🇪 Random · Germany
881
+20
🇹🇷 Celts · Türkiye
1030
-16
🇳🇱 Random · Netherlands
992
-14
🇦🇹 Slavs · Austria
983
-14
🇹🇷 Cumans · Türkiye
967
-13
Praetor
11:05 Feudal Age
11:26 Horse Collar
16:55 Castle Age
15:12 Double-Bit Axe
17:08 Gold Mining
21:51 Loom
27:31 Husbandry
28:52 Scale Mail Armor
31:02 Bloodlines
31:48 Detinets
36:06 Imperial Age
34:12 Wheelbarrow
36:37 Hand Cart
36:08 Town Watch
37:20 Forging
37:15 Scale Barding Armor
37:13 Pikeman
38:54 Bow Saw
38:41 Cavalier
Blyad _Mann
0:27 Loom
11:08 Feudal Age
12:14 Double-Bit Axe
17:29 Castle Age
18:48 Squires
29:11 Imperial Age
28:34 Wheelbarrow
27:51 Gold Mining
27:53 Stone Mining
28:16 Bow Saw
28:34 Scale Mail Armor
28:47 Forging
28:53 Arson
29:56 Gambesons
31:50 Hand Cart
34:22 Conscription
36:06 Elite Varangian Guard
37:03 Elite Varangian Guard
siyah1903beyaz80
10:02 Feudal Age
10:31 Double-Bit Axe
12:46 Arson
12:22 Man-at-Arms
14:20 Scale Mail Armor
15:13 Forging
26:13 Castle Age
25:40 Horse Collar
27:15 Bow Saw
27:06 Gold Mining
27:11 Long Swordsman
32:04 Wheelbarrow
31:28 Stone Mining
31:42 Fletching
33:29 Bodkin Arrow
34:08 Hand Cart
35:10 Heated Shot
35:31 Pikeman
36:46 Ballistics
37:17 Heavy Plow
40:06 Imperial Age
39:28 Stone Shaft Mining
39:31 Gold Shaft Mining
40:13 Iron Casting
Furkan
10:39 Feudal Age
9:48 Loom
16:12 Castle Age
15:12 Double-Bit Axe
18:43 Capped Ram
21:54 Wheelbarrow
27:22 Horse Collar
30:02 Bow Saw
29:46 Gold Mining
30:16 Heavy Plow
32:47 Gold Shaft Mining
32:46 Scale Barding Armor
32:52 Forging
34:29 Hand Cart
38:26 Imperial Age
35:44 Town Watch
38:13 Town Patrol
38:45 Chain Barding Armor
40:52 Two-Man Saw
39:24 Cavalier
40:16 Stone Mining
41:03 Paladin
43:00 Crop Rotation
43:11 Plate Barding Armor
Mirshal
10:01 Loom
11:48 Feudal Age
13:07 Double-Bit Axe
17:04 Castle Age
14:54 Horse Collar
16:53 Gold Mining
16:55 Stone Mining
17:47 Fletching
18:08 Bow Saw
20:05 Wheelbarrow
28:11 Heavy Plow
32:25 Hand Cart
32:55 Padded Archer Armor
33:14 Bodkin Arrow
34:30 Leather Archer Armor
35:25 Ballistics
37:32 Scale Barding Armor
37:38 Forging
39:58 Chain Barding Armor
40:14 Iron Casting
42:38 Imperial Age
41:24 Bloodlines
41:14 Husbandry
43:45 Parthian Tactics
"Falscher" Werwolf
12:50 Feudal Age
11:58 Loom
14:11 Double-Bit Axe
16:47 Castle Age
17:37 Wheelbarrow
16:50 Horse Collar
22:20 Bow Saw
23:48 Bloodlines
23:39 Husbandry
23:56 Forging
25:23 Scale Barding Armor
26:38 Chain Barding Armor
26:28 Gold Mining
26:30 Stone Mining
28:15 Iron Casting
36:24 Imperial Age
36:30 Caravan
36:29 Cavalier
37:50 Plate Barding Armor
38:36 Blast Furnace
42:11 Vendel Legacy
PILLOSAURIO
11:12 Feudal Age
14:48 Castle Age
13:03 Double-Bit Axe
16:11 Horse Collar
19:57 Fervor
20:58 Bow Saw
20:55 Loom
22:20 Wheelbarrow
23:33 Heavy Plow
28:07 Imperial Age
26:19 Crossbowman
26:51 Fletching
27:54 Hand Cart
29:30 Scale Barding Armor
29:30 Bodkin Arrow
29:36 Padded Archer Armor
29:52 Stone Mining
30:53 Bracer
30:15 Arbalester
32:30 Two-Man Saw
32:28 Leather Archer Armor
32:49 Chain Barding Armor
32:41 Forging
33:37 Crop Rotation
35:26 Plate Barding Armor
35:48 Conscription
35:39 Husbandry
36:15 Iron Casting
35:14 Cavalier
38:00 Chemistry
37:20 Ballistics
36:54 Gold Mining
39:06 Paladin
41:56 Ring Archer Armor
dejame_ganar
10:09 Feudal Age
14:20 Castle Age
12:11 Double-Bit Axe
22:12 Fletching
25:52 Bow Saw
26:46 Loom
31:04 Imperial Age
32:04 Chemistry
31:05 Pikeman
33:55 Squires
36:20 Halberdier
Connection lost

Rejoining the realm…

Still unreachable

The connection could not be restored.

Session expired

The server has moved on; the page needs a fresh start.